 Dungeon Crawl Stone Soup version 0.31-a0-180-g519b7de00c (webtiles) character file.

Game seed: 5282763330373259589

208 Maxmaps the Shooter (level 5, 0/37 HPs)
             Began as a Demonspawn Hexslinger on June 19, 2023.
             Slain by a gnoll
             ... wielding a +0 spear
              (6 damage)
             ... on level 3 of the Dungeon.
             The game lasted 00:01:31 (1390 turns).

Maxmaps the Shooter (Demonspawn Hexslinger)         Turns: 1390, Time: 00:01:32

Health: 0/37       AC:  5    Str:  9    XL:     5   Next: 55%
Magic:  6/6        EV: 10    Int: 14    God:
Gold:   76         SH:  0    Dex: 17    Spells: 5/6 levels left

rFire   . . .        e - +0 arbalest
rCold   . . .        (shield currently unavailable)
rNeg    . . .        g - +0 ring mail
rPois   .            (no helmet)
rElec   .            (no cloak)
rCorr   .            (no gloves)
SInv    .            (no boots)
Will    .....        (no amulet)
Stlth   +            (no ring)
HPRegen 0.26/turn    (no ring)
MPRegen 0.10/turn

%: no passive effects
@: no status effects
A: powered by death 1, demonic touch 1
a: no special abilities


You were on level 3 of the Dungeon.
You visited 1 branch of the dungeon, and saw 3 of its levels.

You collected 76 gold pieces.

Inventory:

Hand Weapons
 a - a +1 sling
 e - a +0 arbalest (weapon)
Armour
 c - a +0 robe
 g - a +0 ring mail (worn)
Wands
 l - a wand of flame (4)
Scrolls
 b - 2 scrolls of poison
 i - 2 scrolls of identify {unknown}
 m - a scroll of enchant weapon {unknown}
 o - a scroll of immolation {unknown}
Potions
 f - 4 potions of curing {unknown}
 h - 2 potions of resistance {unknown}
 j - a potion of mutation {unknown}
 k - a potion of brilliance {unknown}
 n - a potion of haste {unknown}
 p - a potion of might {unknown}


   Skills:
 - Level 1.0 Fighting
 + Level 5.3 Ranged Weapons
 - Level 1.7 Dodging
 - Level 1.0 Spellcasting
 - Level 3.0 Hexes


You had 5 spell levels left.
You knew the following spells:

 Your Spells              Type           Power      Damage    Failure   Level
a - Slow                  Hex            36%        N/A       22%         1

Your spell library contained the following spells:

 Spells                   Type           Power      Damage    Failure   Level
 Magic Dart               Conj           0%         1d3       58%         1
 Searing Ray              Conj           0%         2d4       73%         2
 Inner Flame              Hex/Fire       4%         N/A       75%         3
 Portal Projectile        Hex/Tloc       8%         N/A       75%         3
 Call Canine Familiar     Summ           0%         N/A       91%         3
 Cause Fear               Hex            4%         N/A       91%         4
 Fulminant Prism          Conj/Hex       2%         3d5       98%         4
 Leda's Liquefaction      Hex/Erth       2%         N/A       98%         4


Dungeon Overview and Level Annotations

Branches:
Dungeon (3/15)

Altars:


Innate Abilities, Weirdness & Mutations

You regenerate a little health from kills.
Your touch may inflict minor irresistible damage on your foes.


Message History

You shoot a bolt. The bolt hits the rat.
The rat is severely wounded.
The gnoll hits you from afar with a +0 spear.
The rat barely misses you.
You shoot a bolt. The bolt hits the rat.
You kill the rat!
The gnoll closely misses you. x2; The gnoll hits you with a +0 club.
You shoot a bolt. The bolt hits the gnoll!
You kill the gnoll!
The gnoll misses you. The gnoll hits you but does no damage.
The gnoll barely misses you.
You shoot a bolt. The bolt barely misses the gnoll.
The gnoll hits you from afar with a +0 spear.
The gnoll hits you with a +0 whip. The gnoll closely misses you.
The gnoll barely misses you.
You are too injured to fight recklessly!
You are too injured to fight recklessly!
You are too injured to fight recklessly!
Fire: e) +0 arbalest
Press: ? - help, Shift-Dir - straight line, f/p - gnoll
Aim: a gnoll, wielding a +0 whip (60% to hit)
You shoot a bolt. The bolt barely misses the gnoll.
The gnoll completely misses you. The gnoll hits you but does no damage.
The gnoll misses you. The gnoll barely misses you.
Fire: e) +0 arbalest
Press: ? - help, Shift-Dir - straight line, f/p - gnoll
Aim: a gnoll, wielding a +0 whip (60% to hit)
You shoot a bolt.
The bolt hits the gnoll but does no damage.
The gnoll hits you from afar with a +0 spear!
* * * LOW HITPOINT WARNING * * *
The gnoll hits you with a +0 whip.
* * * LOW HITPOINT WARNING * * *
Fire: e) +0 arbalest
Press: ? - help, Shift-Dir - straight line, f/p - gnoll
Aim: a gnoll, wielding a +0 whip (60% to hit)
You shoot a bolt. The bolt closely misses the gnoll.
The gnoll closely misses you.
The gnoll hits you from afar with a +0 spear.
You die...

...##.....+...##
#######.......#
#####.....#....####
#.#..#### +.....+....'..#
##.#.##
#.....#....##.#####....#
.......#.......##.....###
#.##.#.##..######......###
#.##.#.##..# ###....#...#
#.......#..####......#.).#
...........#.g@.##...#.#.#
..#......g#########)#.##
#.####..######
#######....# #.).....#
#.....)...## ...####..#
#.........# #....)..#
#.........# .....g.....
#.........# S..g.$.......
#.........#
....##.........
#.........#


You could see 2 gnolls.

Vanquished Creatures
  An orc priest (D:3)
  Jessica (D:3)
  Terence (D:3)
  An orc wizard (D:3)
  2 gnolls (D:3)
  2 adders
  A worm (D:2)
  2 dart slugs
  3 orcs (D:3)
  9 ball pythons
  5 endoplasms
  A giant cockroach (D:1)
  3 goblins
  6 hobgoblins
  2 kobolds
  4 quokkas
  6 bats (D:1)
  2 frilled lizards (D:2)
  4 rats
56 creatures vanquished.

Notes
Turn   | Place    | Note
-------+----------+-------------------------------------------
     0 | D:1      | Maxmaps the Demonspawn Hexslinger began the quest for the
                  | Orb.
     0 | D:1      | Reached XP level 1. HP: 15/15 MP: 2/2
   107 | D:1      | Reached skill level 2 in Ranged Weapons
   213 | D:1      | Gained mutation: You regenerate a little health from kills.
                  | [demonic ancestry]
   213 | D:1      | Reached XP level 2. HP: 21/21 MP: 3/3
   440 | D:1      | Reached skill level 3 in Ranged Weapons
   708 | D:2      | Reached XP level 3. HP: 26/26 MP: 4/4
   985 | D:2      | Found a faded altar of an unknown god.
  1163 | D:3      | Noticed Jessica
  1166 | D:3      | Killed Jessica
  1167 | D:3      | Reached skill level 4 in Ranged Weapons
  1167 | D:3      | Reached XP level 4. HP: 19/32 MP: 5/5
  1319 | D:3      | Noticed Terence
  1320 | D:3      | Gained mutation: Your touch may inflict minor irresistible
                  | damage on your foes. [demonic ancestry]
  1320 | D:3      | Reached XP level 5. HP: 34/37 MP: 6/6
  1343 | D:3      | Killed Terence
  1344 | D:3      | Reached skill level 5 in Ranged Weapons
  1390 | D:3      | Slain by a gnoll

Illustrated notes

Levels and vault maps discovered:
D:1:      dpeg_arrival_radiant, layout_basic, minmay_liquid_box
D:2:      layout_rooms, nicolae_ecumenical_snake_handling
D:3:      layout_basic, uniq_ijyb, uniq_terence, uniq_natasha, uniq_jessica,
          uniq_robin

Skill      XL: |  1  2  3  4  5 |
---------------+----------------+-----
Ranged Weapons | 2 3 4 5 |  5.3
Fighting       | |  1.0
Dodging        | |  1.7
Spellcasting   | |  1.0
Hexes          | |  3.0

Action                     |  1- 3 |  4- 6 || total
---------------------------+-------+-------++-------
   Fire: Arbalest          |    84 |    38 ||   122
         Sling             |     3 |       ||     3
    Use: Potion            |       |     2 ||     2
 Armour: Robe              |     2 |       ||     2
         Ring mail         |    18 |    13 ||    31
  Dodge: Dodged            |    32 |    38 ||    70

Table legend: (Time is in decaauts)
 A = Elapsed time spent in this place.
 B = Non-inter-level travel time spent in this place.
 C = Inter-level travel time spent in this place.
 D = Time resting spent in this place.
 E = Time spent auto-exploring this place.
 F = Levels seen in this place.
 G = Mean time per level.
                   A        B        C        D        E       F      G
               +--------+--------+--------+--------+--------+-----+--------+
         Total |   1495 |   1444 |     51 |      0 |   1095 |   3 |  498.3 |
       Dungeon |   1495 |   1444 |     51 |      0 |   1095 |   3 |  498.3 |
               +--------+--------+--------+--------+--------+-----+--------+

Top non-repeatable levels by time:
     D:1: 622 daAuts
     D:2: 576 daAuts
     D:3: 296 daAuts
